 Dungeon Crawl Stone Soup version 0.21.1-1-g345015fe64 (webtiles) character file.

24350 Oravi the Slinger (level 13, -6/96 HPs)
             Began as a Halfling Hunter on Apr 20, 2018.
             Was a High Priest of Okawaru.
             Mangled by a six-headed hydra (10 damage)
             ... on level 2 of the Lair of Beasts.
             The game lasted 01:05:36 (17156 turns).

Oravi the Slinger (Halfling Hunter)                Turns: 17156, Time: 01:05:37

Health: -6/96      AC:  8    Str: 11    XL:     13   Next: 42%
Magic:  0/17       EV: 30    Int: 12    God:    Okawaru [*****.]
Gold:   876        SH: 10    Dex: 20    Spells: 12/12 levels left

rFire    + . .     SeeInvis .   a - +6 hunting sling
rCold    . . .     Gourm    .   p - +1 buckler
rNeg     . . .     Faith    .   G - +2 leather armour {rF+}
rPois    .         Spirit   +   c - +0 helmet
rElec    .         Reflect  .   E - scarf {repulsion}
rCorr    .         Harm     .   (no gloves)
MR       .....                  (no boots)
Stlth    +++.......             h - amulet of guardian spirit
HPRegen  0.26/turn              r - +4 ring of evasion
MPRegen  0.15/turn              M - ring "Velug" {Int+3 Slay+3}

@: heroism, repel missiles
A: small, mutation resistance 1, weak 1
a: Heroism, Finesse, Renounce Religion


You were on level 2 of the Lair of Beasts.
You worshipped Okawaru.
Okawaru was extremely pleased with you.
You were not hungry.

You visited 3 branches of the dungeon, and saw 16 of its levels.
You also visited: Sewer.

You collected 876 gold pieces.

Inventory:

Hand Weapons
 a - a +6 hunting sling (weapon)
 b - a +2 short sword of venom
Missiles
 d - 112 sling bullets
 e - 124 stones (quivered)
Armour
 c - a +0 helmet (worn)
 p - a +1 buckler (worn)
 A - a +2 robe of fire resistance
 E - a scarf of repulsion (worn)
 G - a +2 leather armour of fire resistance (worn)
Jewellery
 h - an amulet of guardian spirit (around neck)
 j - an uncursed ring of wizardry
 k - an uncursed ring of stealth
 r - a +4 ring of evasion (left hand)
 s - a +3 ring of protection
 t - an uncursed ring of ice
 y - an uncursed ring of protection from magic
 C - an uncursed ring of ice
 M - the ring "Velug" (right hand) {Int+3 Slay+3}
   (You found it on level 11 of the Dungeon)

   [ring of intelligence]

   It affects your intelligence (+3).
   It affects your accuracy and damage with ranged weapons and melee attacks
   (+3).
 P - an uncursed amulet of the gourmand
Wands
 q - a wand of polymorph (9)
 B - a wand of paralysis (12)
 H - a wand of acid (29)
 J - a wand of clouds (6)
 O - a wand of digging (4)
Scrolls
 g - 3 scrolls of identify
 i - 8 scrolls of remove curse
 l - 3 scrolls of fear
 n - 4 scrolls of fog
 v - 6 scrolls of teleportation
 x - a scroll of magic mapping
 z - 2 scrolls of blinking
 I - a scroll of summoning {unknown}
 K - a scroll of enchant armour
Potions
 m - 7 potions of flight
 o - a potion of invisibility
 u - a potion of lignification
 w - a potion of might
 D - a potion of haste
 L - 3 potions of curing
 N - a potion of agility
Comestibles
 f - 28 rations


   Skills:
 + Level 11.6(16.6) Fighting
 * Level 9.0(14.0) Short Blades
 - Level 12.4(17.4) Slings
 * Level 8.0(13.0) Armour
 * Level 8.2(13.2) Dodging
 - Level 1.1(6.1) Stealth
 * Level 8.5(13.5) Shields
 * Level 5.5 Invocations
 + Level 1.8 Evocations


You had 12 spell levels left.
You didn't know any spells.

Dungeon Overview and Level Annotations

Branches:
Dungeon (13/15)            Temple (1/1) D:5            Lair (2/6) D:10
  Swamp (0/4) Lair:2          Orc (0/2) D:12
  Snake: Lair:2-4    Spider: Lair:2-4    Vaults: D:13-14

Altars:
Ashenzari
Cheibriados
Dithmenos
Elyvilon
Fedhas
Gozag
Hepliaklqana
Kikubaaqudgha
Makhleb
Nemelex Xobeh
Okawaru
Qazlal
Ru
Sif Muna
Trog
Uskayaw
Vehumet
Wu Jian
Xom
Yredelemnul
Zin
The Shining One
Beogh
Lugonu

Shops:
D:5 (   D:6 :

Portals:
Trove: D:12 (give book of Annihilations)


Innate Abilities, Weirdness & Mutations

You are small and have problems with some larger weapons.
You are somewhat resistant to further mutation.
You are weak. (Str -2)


Message History

* * * LOW HITPOINT WARNING * * *
The six-headed hydra bites you.
* * * LOW HITPOINT WARNING * * *
The six-headed hydra completely misses you.
You feel better.
You block the six-headed hydra's attack.
The six-headed hydra completely misses you.
The six-headed hydra bites you!
* * * LOW HITPOINT WARNING * * *
You block the six-headed hydra's attack.
The six-headed hydra bites you!
* * * LOW HITPOINT WARNING * * *
You block the six-headed hydra's attack.
The six-headed hydra bites you.
* * * LOW HITPOINT WARNING * * *
You block the six-headed hydra's attack.
The six-headed hydra completely misses you.
You block the six-headed hydra's attack.
The six-headed hydra bites you!
You die...

###### ##
##.#.#.#.#####P
...............
..!....).......
......[........
.........##.###
.......@.# #
.......(D#
####.#...#
###>..#####
##.((#...##
#####...⌠(.≈...
.........≈.≈≈.≈
.......(.≈≈≈(≈≈
.........≈....≈


You could see a six-headed hydra.

Vanquished Creatures
  Josephine (D:10)
  Erolcha (D:9)
  2 hydras (Lair:1)
  A two-headed ogre (D:11)
  Erica (D:10)
  An oklob plant (D:10)
  An ugly thing (D:12)
  A black mamba (Lair:2)
  Joseph (D:8)
  A centaur zombie (D:11)
  A torpor snail (Lair:1)
  2 spiny frogs (Lair:1)
  A guardian serpent (shapeshifter) (D:12)
  2 komodo dragons (Lair:1)
  3 trolls
  A slime creature (Lair:1)
  Grinder (D:4)
  5 hippogriffs
  A hornet (D:11)
  2 meliai zombies
  2 shadows
  Sigmund (D:6)
  24 yaks
  A wyvern (D:10)
  5 wraiths (D:10)
  A vampire (D:12)
  4 hogs (D:8)
  A human (D:8)
  A hungry ghost (D:12)
  2 two-headed ogre zombies (D:12)
  4 insubstantial wisps (Lair:2)
  A water moccasin (Lair:1)
  3 porcupines (Lair:1)
  6 orc warriors
  Duvessa (D:4)
  2 sky beasts
  2 black bears (D:10)
  5 phantoms
  An ice beast (Lair:2)
  3 centaurs
  10 ogres
  4 crocodiles
  9 bullfrogs
  A gnoll sergeant (D:9)
  Dowan (D:4)
  5 scorpions
  17 killer bees
  2 troll zombies (D:12)
  2 howler monkeys
  5 crimson imps
  2 electric eels (Lair:1)
  A quasit (D:9)
  10 hounds
  11 jellies
  A gnoll shaman (D:8)
  2 centaur skeletons
  5 orc priests
  4 bullfrog skeletons
  Natasha (thrice) (D:2)
  2 iguanas
  8 orc wizards
  6 worker ants
  A merfolk avatar (Sewer)
  A merfolk siren (Sewer)
  4 ogre zombies (D:12)
  A hound skeleton (D:5)
  A hound zombie (D:6)
  2 worker ant zombies
  A howler monkey skeleton (D:4)
  A howler monkey zombie (D:8)
  23 gnolls
  2 river rats (Sewer)
  22 adders
  3 shadow imps
  A white imp (Lair:2)
  13 oozes
  An adder zombie (D:8)
  2 adder skeletons
  A worm (D:4)
  8 dart slugs
  8 leopard geckos
  60 orcs
  A bat zombie (D:1)
  15 giant cockroaches
  4 goblins
  6 hobgoblins
  28 jackals
  5 quokkas
  5 ball pythons
  8 bats
  8 frilled lizards
  A goblin skeleton (D:12)
  2 goblin zombies (D:12)
  2 hobgoblin skeletons (D:12)
  3 hobgoblin zombies (D:12)
  A jackal zombie (D:1)
  5 kobolds
  An orc skeleton (D:12)
  16 orc zombies (D:12)
  3 quokka skeletons
  23 rats
  A plant (D:10)
505 creatures vanquished.

Vanquished Creatures (others)
  4 fungi (Lair:1)
  A plant (D:10)
5 creatures vanquished.

Grand Total: 510 creatures vanquished

Notes
Turn   | Place    | Note
-------+----------+-------------------------------------------
     0 | D:1      | Oravi the Halfling Hunter began the quest for the Orb.
     0 | D:1      | Reached XP level 1. HP: 14/14 MP: 1/1
    21 | D:1      | Reached skill level 6 in Slings
   115 | D:1      | Reached XP level 2. HP: 19/19 MP: 2/2
   671 | D:2      | Reached skill level 7 in Slings
   671 | D:2      | Reached XP level 3. HP: 22/24 MP: 3/3
   761 | D:2      | Noticed Natasha
   764 | D:2      | Killed Natasha
   764 | D:2      | Reached XP level 4. HP: 29/29 MP: 4/4
   770 | D:2      | Noticed Natasha
   777 | D:2      | Killed Natasha
   986 | D:2      | Reached XP level 5. HP: 24/34 MP: 5/5
  1078 | D:2      | Noticed Natasha
  1080 | D:2      | Killed Natasha
  1080 | D:2      | Reached skill level 8 in Slings
  1421 | D:2      | Reached XP level 6. HP: 34/40 MP: 6/6
  1728 | D:3      | Reached skill level 9 in Slings
  2491 | D:4      | Noticed Grinder
  2496 | D:4      | Paralysed by Grinder for 5 turns
  2504 | D:4      | Reached XP level 7. HP: 39/46 MP: 7/7
  2512 | D:4      | Paralysed by Grinder for 5 turns
  2520 | D:4      | Killed Grinder
  2520 | D:4      | Reached skill level 10 in Slings
  2520 | D:4      | Reached skill level 1 in Armour
  2723 | D:4      | Noticed Dowan
  2726 | D:4      | Noticed Duvessa
  2730 | D:4      | Killed Duvessa
  2730 | D:4      | Reached skill level 11 in Slings
  2730 | D:4      | Reached XP level 8. HP: 51/54 MP: 8/8
  2742 | D:4      | Killed Dowan
  2748 | D:4      | Found a white marble altar of Elyvilon.
  3029 | D:4      | Reached skill level 1 in Shields
  3090 | D:4      | Reached skill level 12 in Slings
  3091 | D:4      | Found a glowing drain.
  3101 | Sewer    | Entered a sewer
  4039 | D:5      | Entered Level 5 of the Dungeon
  4066 | D:5      | Reached XP level 9. HP: 59/59 MP: 9/9
  4082 | D:5      | Reached skill level 1 in Short Blades
  4114 | D:5      | Reached skill level 5 in Fighting
  4378 | D:5      | Found a shadowy altar of Dithmenos.
  4416 | D:5      | Found Bigiyx's Weapon Shop.
  4486 | D:5      | Found a staircase to the Ecumenical Temple.
  4499 | Temple   | Entered the Ecumenical Temple
  4603 | Temple   | Became a worshipper of Warmaster Okawaru
  5035 | D:6      | Noticed Sigmund
  5065 | D:6      | Killed Sigmund
  5220 | D:6      | Reached * piety under Okawaru
  5437 | D:6      | Found Elatuz's Book Shoppe.
  5648 | D:6      | Reached XP level 10. HP: 71/71 MP: 10/10
  6436 | D:7      | Found a shattered altar of Ashenzari.
  6734 | D:8      | Found a burning altar of Makhleb.
  6936 | D:8      | Noticed Joseph
  6960 | D:8      | Killed Joseph
  6960 | D:8      | Reached ** piety under Okawaru
  6960 | D:8      | Reached skill level 5 in Short Blades
  7081 | D:8      | Gained mutation: You are frail. (-10% HP) [potion of mutation]
  7090 | D:8      | Lost mutation: You are frail. (-10% HP) [potion of mutation]
  7090 | D:8      | Gained mutation: You are weak. (Str -2) [potion of mutation]
  7140 | D:8      | Reached skill level 5 in Dodging
  7913 | D:9      | Noticed Erolcha
  7928 | D:9      | Killed Erolcha
  7928 | D:9      | Reached *** piety under Okawaru
  7928 | D:9      | Reached skill level 5 in Armour
  7928 | D:9      | Reached XP level 11. HP: 80/80 MP: 9/11
  8175 | D:9      | Reached skill level 1 in Invocations
  8469 | D:9      | Found a roughly hewn altar of Beogh.
  8604 | D:9      | Reached **** piety under Okawaru
  8604 | D:9      | Received a gift from Okawaru
  9017 | D:9      | Reached skill level 5 in Shields
  9434 | D:9      | Reached skill level 10 in Fighting
 10019 | D:10     | Entered Level 10 of the Dungeon
 10037 | D:10     | Noticed Josephine
 10212 | D:10     | Noticed an oklob plant
 10240 | D:10     | Found a shadowy altar of Dithmenos.
 10880 | D:10     | Found a staircase to the Lair.
 10930 | D:10     | Killed Josephine
 10930 | D:10     | Reached ***** piety under Okawaru
 10960 | D:10     | Received a gift from Okawaru
 11172 | D:10     | Noticed Erica
 11181 | D:10     | Killed Erica
 11181 | D:10     | Reached XP level 12. HP: 62/88 MP: 8/14
 11746 | D:11     | Paralysed by a hornet for 3 turns
 12223 | D:11     | Reached skill level 1 in Evocations
 12431 | D:11     | Got a steaming turquoise ring
 12433 | D:11     | Identified the ring "Velug" {Int+3 Slay+3} (You found it on level 11 of the Dungeon)
 12641 | D:11     | Noticed a two-headed ogre
 12654 | D:11     | Killed a two-headed ogre
 13025 | D:12     | Found a corrupted altar of Lugonu.
 13117 | D:12     | Received a gift from Okawaru
 13179 | D:12     | Found a staircase to the Orcish Mines.
 13725 | D:12     | Found a portal to a secret trove of treasure.
 15160 | Lair:1   | Entered Level 1 of the Lair of Beasts
 15267 | D:10     | Reached XP level 13. HP: 44/95 MP: 7/16
 15647 | Lair:1   | Received a gift from Okawaru
 15896 | Lair:1   | Noticed a seven-headed hydra
 15904 | Lair:1   | Killed a seven-headed hydra
 15904 | Lair:1   | Reached skill level 5 in Invocations
 15931 | Lair:1   | Noticed a seven-headed hydra
 15942 | Lair:1   | Killed a seven-headed hydra
 16660 | Lair:2   | Found a staircase to the Swamp.
 16683 | Lair:1   | Reached ****** piety under Okawaru
 17124 | Lair:2   | Noticed a six-headed hydra
 17156 | Lair:2   | HP: 4/96 [six-headed hydra (6)]
 17156 | Lair:2   | Mangled by a six-headed hydra

Skill      XL: |  1  2  3  4  5  6  7  8  9 10 11 12 13 |
---------------+----------------------------------------+-----
Slings         | 6 7 8 9 11 12 | 12.4
Fighting       | 2 3 4 7 9 10 11 | 11.6
Dodging        | 3 4 5 6 7 8 |  8.2
Armour         | 1 2 3 5 6 7 8 |  8.0
Shields        | 1 4 6 7 8 |  8.5
Short Blades   | 4 5 6 7 9 |  9.0
Invocations    | 3 4 5 |  5.5
Evocations     | 1 |  1.8
Stealth        | |  1.1

Action                   |  1- 3 |  4- 6 |  7- 9 | 10-12 | 13-15 || total
-------------------------+-------+-------+-------+-------+-------++-------
Melee: Short sword       |       |       |       |   180 |    79 ||   259
 Fire: Hunting sling     |    54 |   228 |   520 |  1093 |   169 ||  2064
Invok: Heroism           |       |       |       |    16 |     4 ||    20
Evoke: Wand              |       |       |       |     4 |       ||     4
  Use: Scroll            |     5 |     6 |     3 |     8 |     5 ||    27
       Potion            |       |     1 |     1 |     9 |     1 ||    12
 Stab: Paralysed         |       |       |       |     3 |       ||     3
  Eat: Chunk             |       |     4 |    10 |    22 |     4 ||    40
       Ration            |       |       |       |     2 |       ||     2
Armor: Leather armour    |     1 |     7 |     7 |    53 |     2 ||    70
Dodge: Dodged            |     7 |    32 |    44 |   279 |   115 ||   477
       Deflected         |       |       |       |     9 |       ||     9
Block: Buckler           |       |    12 |    17 |   178 |    60 ||   267
